 Dungeon Crawl Stone Soup version 0.29-a0-870-g2c972031a6 (webtiles) character file.

Game seed: 17392977441542776931

448 lesbiats the Conjurer (level 7, -6/51 HPs)
             Began as a Gnoll Conjurer on July 17, 2022.
             Mangled by IndoAryan's ghost (10 damage)
             ... on level 3 of the Dungeon.
             The game lasted 00:11:44 (4502 turns).

lesbiats the Conjurer (Gnoll Conjurer)              Turns: 4502, Time: 00:11:45

Health: -6/51      AC:  8    Str:  6    XL:     7   Next: 3%
Magic:  5/15       EV: 12    Int: 20    God:
Gold:   159        SH:  0    Dex: 10    Spells: 12/17 levels left

rFire   . . .      SeeInvis .   a - +2 quarterstaff (chaos)
rCold   + + .      Faith    .   (shield currently unavailable)
rNeg    . . .      Spirit   .   k - +0 leather armour
rPois   .          Reflect  .   (no helmet)
rElec   .          Harm     .   l - +2 cloak {Will+}
rCorr   .          Rampage  .   d - +1 pair of gloves
Will    +....                   (no boots)
Stlth   ++........              (no amulet)
HPRegen 0.17/turn               e - ring of protection from cold
MPRegen 0.14/turn               b - ring of protection from cold

@: no status effects
A: fangs 1, strong nose, distributed training
a: no special abilities


You were on level 3 of the Dungeon.
You visited 1 branch of the dungeon, and saw 3 of its levels.

You collected 159 gold pieces.

Inventory:

Hand Weapons
 a - a +2 quarterstaff of chaos (weapon)
 j - a +0 dagger of flaming
Missiles
 o - 3 datura-tipped darts
 s - a throwing net
Armour
 d - a +1 pair of gloves (worn)
 k - a +0 leather armour (worn)
 l - a +2 cloak of willpower (worn)
Magical Staves
 r - a staff of conjuration
Jewellery
 b - a ring of protection from cold (right hand)
 e - a ring of protection from cold (left hand)
 m - the ring "Doexat" {rElec rF++ Int-4 Dex+6 Slay+3}
   (You found it on level 3 of the Dungeon)

   [ring of dexterity]

   Int:       It affects your intelligence (-4).
   Dex:       It affects your dexterity (+6).
   Slay:      It affects your accuracy & damage with ranged weapons and melee
   (+3).
   rF:        It greatly protects you from fire.
   rElec:     It insulates you from electricity.
Scrolls
 c - 3 scrolls of teleportation {unknown}
 f - a scroll of blinking {unknown}
 g - 2 scrolls of identify {unknown}
 h - a scroll of poison {unknown}
 p - a scroll of magic mapping {unknown}
Potions
 i - a potion of curing {unknown}
 n - a potion of mutation {unknown}
 q - a potion of berserk rage {unknown}


   Skills:
 + Level 2.3 Fighting
 + Level 2.3 Short Blades
 + Level 2.3 Long Blades
 + Level 2.3 Axes
 + Level 2.3 Maces & Flails
 + Level 2.3 Polearms
 + Level 2.3 Staves
 + Level 2.3 Ranged Weapons
 + Level 2.3 Throwing
 + Level 2.3 Armour
 + Level 5.1 Dodging
 + Level 4.8 Stealth
 + Level 2.3 Shields
 + Level 2.3 Unarmed Combat
 + Level 5.5 Spellcasting
 + Level 7.4 Conjurations
 + Level 1.9 Hexes
 + Level 1.9 Summonings
 + Level 1.9 Necromancy
 + Level 1.9 Translocations
 + Level 1.9 Transmutations
 + Level 1.9 Fire Magic
 + Level 1.9 Ice Magic
 + Level 1.9 Air Magic
 + Level 1.9 Earth Magic
 + Level 1.9 Poison Magic
 + Level 2.5 Invocations
 + Level 2.3 Evocations


You had 12 spell levels left.
You knew the following spells:

 Your Spells              Type           Power      Damage    Failure   Level
a - Magic Dart            Conj           100%       1d8       1%          1
b - Blink                 Tloc           26%        N/A       12%         2
c - Searing Ray           Conj           70%        2d7       1%          2

Your spell library contained the following spells:

 Spells                   Type           Power      Damage    Failure   Level
 Summon Small Mammal      Summ           52%        N/A       8%          1
 Dazzling Flash           Conj/Hex       48%        N/A       8%          3
 Call Canine Familiar     Summ           13%        N/A       22%         3
 Lesser Beckoning         Tloc           13%        N/A       22%         3
 Summon Guardian Golem    Hex/Summ       13%        N/A       22%         3
 Fulminant Prism          Conj/Hex       12%        3d9       24%         4
 Iskenderun's Mystic Bla  Conj/Tloc      24%        2d7       24%         4
 Manifold Assault         Tloc           13%        N/A       91%         5


Dungeon Overview and Level Annotations

Branches:
Dungeon (3/15)

Altars:
Gozag

Annotations:
D:3 IndoAryan's ghost, amateur MiFi


Innate Abilities, Weirdness & Mutations

You have very sharp teeth.
Your uncanny sense of smell can sniff out nearby items.
Your experience applies equally to all skills.


Message History

Aim: IndoAryan's ghost (heavily damaged, 100% to hit)
Okay, then.
Casting: Magic Dart (safe; 1% risk of failure)
Confirm with . or Enter, or press ? or * to list all spells.
Aiming: Searing Ray (safe; 1% risk of failure)
Press: ? - help, Shift-Dir - straight line, f/p - IndoAryan's ghost
Aim: IndoAryan's ghost (heavily damaged, 83% to hit)
The searing ray hits IndoAryan's ghost!
IndoAryan's ghost is severely damaged. (Press . to maintain the ray.) IndoAryan's ghost stares at you.
IndoAryan's ghost hits you.
The searing ray hits IndoAryan's ghost.
IndoAryan's ghost is severely damaged.
IndoAryan's ghost hits you!
The searing ray hits IndoAryan's ghost!
IndoAryan's ghost is almost destroyed.
IndoAryan's ghost barely misses you.
The searing ray hits IndoAryan's ghost.
IndoAryan's ghost is almost destroyed.
You finish channelling your searing ray.
IndoAryan's ghost hits you but does no damage.
You closely miss IndoAryan's ghost.
IndoAryan's ghost is almost destroyed.
IndoAryan's ghost barely misses you.
You hit IndoAryan's ghost. You burn IndoAryan's ghost.
IndoAryan's ghost is almost destroyed.
IndoAryan's ghost completely misses you.
You hit IndoAryan's ghost but do no damage.
IndoAryan's ghost flickers and vanishes!
Deactivating autopickup; reactivate with Ctrl-A.
Your bite misses something. Something hits you. Something hits you!
* * * LOW HITPOINT WARNING * * *
You closely miss something. Something hits you.
* * * LOW HITPOINT WARNING * * *
You barely miss something. Something hits you.
* * * LOW HITPOINT WARNING * * *
Okay, then.
You barely miss something. Your bite misses something. Something hits you!
You die...

##################.#
#........#..##.8.###
#........#..#.$$..####
#..#........'$$.$8#..#
#..#.##...).l._8.∩##.#
#..#.##.l#..'.$..8##..
#......n.#..#.$.$.#>##
#####{#####..##∩8∩####
#.....@...##########
#.###.###.# #.# #.# #.#
#.# #.# #.# #.###.###
##'## #.# #.......#
##...## #.# #####.#†#
##.....## #.#
##..#†###....>..#
#.#####...#.##.........
#.........†..'.........


There were no monsters in sight!

Vanquished Creatures
  Sigmund (D:2)
  A necrophage (D:3)
  Crazy Yiuf (D:2)
  Jessica (D:2)
  Natasha (thrice) (D:2)
  6 adders
  A dart slug (D:2)
  An orc (D:3)
  7 ball pythons
  An endoplasm (D:2)
  2 giant cockroaches
  2 goblins
  5 hobgoblins
  3 jackals (D:1)
  8 kobolds
  2 bats
  4 frilled lizards
  5 rats
54 creatures vanquished.

Vanquished Creatures (others)
  An adder (D:2)
1 creature vanquished.

Grand Total: 55 creatures vanquished

Notes
Turn   | Place    | Note
-------+----------+-------------------------------------------
     0 | D:1      | lesbiats the Gnoll Conjurer began the quest for the Orb.
     0 | D:1      | Reached XP level 1. HP: 13/13 MP: 6/6
   292 | D:1      | Reached XP level 2. HP: 19/19 MP: 5/7
  1200 | D:2      | Found a runed translucent door.
  1201 | D:2      | Noticed Crazy Yiuf
  1237 | D:2      | Reached skill level 5 in Spellcasting
  1237 | D:2      | Reached XP level 3. HP: 25/25 MP: 4/9
  1240 | D:2      | Learned a level 2 spell: Searing Ray
  1331 | D:2      | Noticed Natasha
  1334 | D:2      | Killed Natasha
  1335 | D:2      | Reached skill level 1 in Fighting
  1335 | D:2      | Reached skill level 1 in Short Blades
  1335 | D:2      | Reached skill level 1 in Long Blades
  1335 | D:2      | Reached skill level 1 in Axes
  1335 | D:2      | Reached skill level 1 in Maces & Flails
  1335 | D:2      | Reached skill level 1 in Polearms
  1335 | D:2      | Reached skill level 1 in Staves
  1335 | D:2      | Reached skill level 1 in Ranged Weapons
  1335 | D:2      | Reached skill level 1 in Throwing
  1335 | D:2      | Reached skill level 1 in Armour
  1335 | D:2      | Reached skill level 1 in Shields
  1335 | D:2      | Reached skill level 1 in Unarmed Combat
  1335 | D:2      | Reached skill level 1 in Invocations
  1335 | D:2      | Reached skill level 1 in Evocations
  1473 | D:2      | Noticed Sigmund
  1494 | D:2      | Reached XP level 4. HP: 32/32 MP: 6/11
  1563 | D:2      | Killed Sigmund
  1564 | D:2      | Reached skill level 1 in Hexes
  1564 | D:2      | Reached skill level 1 in Summonings
  1564 | D:2      | Reached skill level 1 in Necromancy
  1564 | D:2      | Reached skill level 1 in Translocations
  1564 | D:2      | Reached skill level 1 in Transmutations
  1564 | D:2      | Reached skill level 1 in Fire Magic
  1564 | D:2      | Reached skill level 1 in Ice Magic
  1564 | D:2      | Reached skill level 1 in Air Magic
  1564 | D:2      | Reached skill level 1 in Earth Magic
  1564 | D:2      | Reached skill level 1 in Poison Magic
  1564 | D:2      | Reached XP level 5. HP: 14/38 MP: 10/12
  1806 | D:2      | Reached XP level 6. HP: 44/44 MP: 9/13
  2037 | D:2      | Learned a level 2 spell: Blink
  2220 | D:2      | Noticed Jessica
  2222 | D:2      | Killed Jessica
  2223 | D:2      | Reached skill level 5 in Dodging
  2229 | D:2      | Noticed Natasha
  2240 | D:2      | Killed Natasha
  2696 | D:2      | Noticed Natasha
  2701 | D:2      | Killed Natasha
  2890 | D:2      | Killed Crazy Yiuf
  3188 | D:3      | Identified the ring "Doexat" {rElec rF++ Int-4 Dex+6
                  | Slay+3}
  3957 | D:3      | Found a faded altar of an unknown god.
  4037 | D:3      | Found a runed translucent gate.
  4040 | D:3      | Found a runed translucent gate.
  4040 | D:3      | Found an opulent altar of Gozag.
  4041 | D:3      | Found a runed translucent gate.
  4044 | D:3      | Noticed IndoAryan's ghost (amateur MiFi)
  4383 | D:3      | Reached XP level 7. HP: 38/50 MP: 2/15
  4502 | D:3      | Mangled by IndoAryan's ghost

Illustrated notes

Levels and vault maps discovered:
D:1:      wander_arrival_peaceful_grave, layout_loops_corners
D:2:      layout_loops_corners, uniq_sigmund, uniq_natasha, uniq_jessica,
          uniq_crazy_yiuf_cottage
D:3:      layout_loops_corners, ebering_ghost_gozag,
          ebering_ecumenical_altar_abandoned

Skill      XL: |  1  2  3  4  5  6 |
---------------+-------------------+-----
Spellcasting   | 5 |  5.5
Fighting       | 1 2 |  2.3
Short Blades   | 1 2 |  2.3
Long Blades    | 1 2 |  2.3
Axes           | 1 2 |  2.3
Maces & Flails | 1 2 |  2.3
Polearms       | 1 2 |  2.3
Staves         | 1 2 |  2.3
Ranged Weapons | 1 2 |  2.3
Throwing       | 1 2 |  2.3
Armour         | 1 2 |  2.3
Shields        | 1 2 |  2.3
Unarmed Combat | 1 2 |  2.3
Invocations    | 1 2 |  2.5
Evocations     | 1 2 |  2.3
Hexes          | 1 |  1.9
Summonings     | 1 |  1.9
Necromancy     | 1 |  1.9
Translocations | 1 |  1.9
Transmutations | 1 |  1.9
Fire Magic     | 1 |  1.9
Ice Magic      | 1 |  1.9
Air Magic      | 1 |  1.9
Earth Magic    | 1 |  1.9
Poison Magic   | 1 |  1.9
Dodging        | 5 |  5.1
Stealth        | |  4.8
Conjurations   | |  7.4

Action                   |  1- 3 |  4- 6 |  7- 9 || total
-------------------------+-------+-------+-------++-------
Melee: Unarmed           |     7 |    10 |       ||    17
       Bite              |       |     1 |     1 ||     2
       Quarterstaff      |       |     4 |    10 ||    14
       Dagger            |       |     3 |       ||     3
 Cast: Magic Dart        |    37 |    58 |     3 ||    98
       Searing Ray       |       |     5 |     2 ||     7
       Blink             |       |     3 |       ||     3
  Use: Potion            |       |     1 |       ||     1
Armor: Robe              |     5 |    11 |       ||    16
       Leather armour    |       |     7 |     1 ||     8
Dodge: Dodged            |    10 |    38 |     5 ||    53

Table legend: (Time is in decaauts)
 A = Elapsed time spent in this place.
 B = Non-inter-level travel time spent in this place.
 C = Inter-level travel time spent in this place.
 D = Time resting spent in this place.
 E = Time spent auto-exploring this place.
 F = Levels seen in this place.
 G = Mean time per level.
                   A        B        C        D        E       F      G
               +--------+--------+--------+--------+--------+-----+--------+
         Total |   4487 |   4383 |    104 |   1334 |   2517 |   3 | 1495.7 |
       Dungeon |   4487 |   4383 |    104 |   1334 |   2517 |   3 | 1495.7 |
               +--------+--------+--------+--------+--------+-----+--------+

Top non-repeatable levels by time:
     D:2: 1960 daAuts
     D:3: 1392 daAuts
     D:1: 1135 daAuts
